 Dungeon Crawl Stone Soup version 0.30-a0-956-gcec3b41aec (webtiles) character file.

Game seed: 935024018346932671

270 BlueFish the Sneak (level 6, -5/41 HPs)
             Began as an Octopode Warper on Mar 29, 2023.
             Slain by a gnoll
             ... wielding a +0 spear
              (10 damage)
             ... on level 3 of the Dungeon.
             The game lasted 00:06:51 (2502 turns).

BlueFish the Sneak (Octopode Warper)                Turns: 2502, Time: 00:06:52

Health: -5/41      AC:  1    Str: 12    XL:     6   Next: 22%
Magic:  8/10       EV: 13    Int: 15    God:
Gold:   190        SH:  0    Dex: 12    Spells: 3/10 levels left

rFire   . . .      SeeInvis .      - Unarmed
rCold   + . .      Faith    .    (no shield)
rNeg    + . .      Spirit   .    (helmet restricted)
rPois   .          Reflect  .    (no amulet)
rElec   .          Rampage  .    c - ring of protection from cold
rCorr   .                        n - ring of positive energy
Will    .....                    (no ring)
Stlth   +++                      (no ring)
HPRegen 0.26/turn                (no ring)
MPRegen 0.12/turn                (no ring)
                                 (no ring)
                                 (no ring)

@: on blink cooldown
A: almost no armour, amphibious, 8 rings, camouflage 1, gelatinous body 1,
(nimble swimmer 1), tentacles
a: no special abilities


You were on level 3 of the Dungeon.
You visited 1 branch of the dungeon, and saw 3 of its levels.

You collected 190 gold pieces.

Inventory:

Missiles
 b - 7 boomerangs of dispersal (quivered)
 d - 16 stones
 g - 3 boomerangs
 p - 5 poisoned darts
Jewellery
 c - a ring of protection from cold (left tentacle)
 n - a ring of positive energy (right tentacle)
 r - a ring of flight
Scrolls
 a - 2 scrolls of blinking
 e - 3 scrolls of magic mapping
 f - 2 scrolls of identify {unknown}
 j - a scroll of enchant armour {unknown}
 k - a scroll of fear {unknown}
 l - a scroll of butterflies {unknown}
Potions
 h - 3 potions of might {unknown}
 i - a potion of attraction {unknown}
 m - 2 potions of degeneration {unknown}
 o - a potion of curing {unknown}
 q - a potion of magic {unknown}
 s - a potion of cancellation {unknown}
 t - a potion of ambrosia {unknown}


   Skills:
 + Level 2.8 Fighting
 - Level 0.1 Maces & Flails
 + Level 2.2 Throwing
 + Level 3.1 Dodging
 * Level 4.2 Stealth
 + Level 2.7 Unarmed Combat
 + Level 2.6 Spellcasting
 + Level 3.6 Translocations


You had 3 spell levels left.
You knew the following spells:

 Your Spells              Type           Power      Damage    Failure   Level
a - Blink                 Tloc           24%        N/A       7%          2
b - Lesser Beckoning      Tloc           24%        N/A       7%          2
c - Teleport Other        Tloc           12%        N/A       14%         3

Your spell library contained the following spells:

 Spells                   Type           Power      Damage    Failure   Level
 Sandblast                Erth           4%         2d4       21%         1
 Portal Projectile        Hex/Tloc       14%        N/A       28%         3
 Vhi's Electric Charge    Tloc/Air       14%        N/A       28%         3
 Passwall                 Tmut/Erth      1%         N/A       30%         2
 Stone Arrow              Conj/Erth      4%         3d7       52%         3
 Tukima's Dance           Hex            2%         N/A       52%         3
 Manifold Assault         Tloc           12%        N/A       43%         4
 Arcjolt                  Conj/Air       1%         1d11      99%         5
 Blade Hands              Tmut           1%         N/A       99%         5
 Yara's Violent Unravell  Hex/Tmut       1%         3d3       99%         5
 Enfeeble                 Hex            1%         N/A       100%        7
 Maxwell's Capacitive Co  Air            1%         ∞         100%        8


Dungeon Overview and Level Annotations

Branches:
Dungeon (3/15)

Altars:
Fedhas
Makhleb
Zin

Shops:
D:1 :


Innate Abilities, Weirdness & Mutations

You cannot wear most types of armour.
You are amphibious.
You can wear up to eight rings at the same time.
Your skin changes colour to match your surroundings (Stealth+).
Your rubbery body absorbs attacks. (AC +1, EV +1)
((You are camouflaged when in or above water. (Stealth+)))
You have tentacles for arms and can constrict up to eight enemies at once.


Message History

You see here a +0 ring mail.
What are your orders? t - Shout!
Orders for allies: a - Attack new target. r - Retreat! s - Stop attacking. g - Guard the area. f - Follow me.
Anything else - Cancel.
You shout for attention!
You hear a shout! x2
You see here a +0 short sword.
You see here a +0 short sword.
The gnoll shouts!
You hear a shout!
The gnoll hits you with a +0 whip.
You barely miss the gnoll. You grab the gnoll. You constrict the gnoll.
The gnoll hits you with a +0 whip!
You tentacle-slap the gnoll but do no damage.
You squeeze the gnoll.
The gnoll is severely wounded.
You constrict the gnoll. The gnoll hits you with a +0 whip!
You tentacle-slap the gnoll but do no damage.
The gnoll is severely wounded.
You constrict the gnoll. The gnoll barely misses you.
You tentacle-slap the gnoll.
You kill the gnoll!
You barely miss the gnoll. Your grab misses the gnoll. You squeeze the gnoll.
The gnoll is heavily wounded.
The gnoll hits you with a +0 flail!
* * * LOW HITPOINT WARNING * * *
The gnoll closely misses you.
You tentacle-slap the gnoll. Your grab misses the gnoll.
The gnoll is severely wounded.
The gnoll hits you with a +0 flail.
* * * LOW HITPOINT WARNING * * *
The gnoll closely misses you.
You closely miss the gnoll. Your grab misses the gnoll.
The gnoll is severely wounded.
The gnoll misses you. The gnoll barely misses you.
Cast which spell? (? or * to list)
You blink.
The gnoll hits you from afar with a +0 spear!
You die...

#.# #)# #.###########.#
#.........>...#
##########.#### ## #§#
.## #g# #.## #g# ##.##
#.#### ##.# #.@..##
##.## #########.##[.#
..## #.........###'#*
#.#####.#######.#*...#*
##.............##⌠...⌠#*
#.#############*...g...#
.## #.>.⌠.>(# ##
#.^ggb..# ##⌠.<.⌠##


You could see 2 gnolls.

Vanquished Creatures
  Sigmund (D:3)
  A gnoll (D:3)
  2 adders (D:2)
  2 dart slugs (D:1)
  5 orcs (D:3)
  4 endoplasms
  5 giant cockroaches
  10 goblins
  7 hobgoblins
  A jackal (D:3)
  5 kobolds
  3 quokkas
  3 ball pythons
  9 bats
  4 frilled lizards
  10 rats
72 creatures vanquished.

Vanquished Creatures (others)
  12 fungi (D:3)
  4 plants
16 creatures vanquished.

Grand Total: 88 creatures vanquished

Notes
Turn   | Place    | Note
-------+----------+-------------------------------------------
     0 | D:1      | BlueFish the Octopode Warper began the quest for the Orb.
     0 | D:1      | Reached XP level 1. HP: 14/14 MP: 3/3
   130 | D:1      | Reached skill level 1 in Stealth
   130 | D:1      | Found Qiuxang's Book Boutique.
   159 | D:1      | Reached XP level 2. HP: 19/19 MP: 5/5
   167 | D:1      | Learned a level 2 spell: Blink
   170 | D:1      | Learned a level 2 spell: Lesser Beckoning
   669 | D:1      | Reached skill level 2 in Stealth
   669 | D:1      | Reached XP level 3. HP: 24/24 MP: 6/6
  1010 | D:2      | Reached XP level 4. HP: 25/29 MP: 7/7
  1045 | D:2      | Found a faded altar of an unknown god.
  1315 | D:3      | Found a glowing silver altar of Zin.
  1315 | D:3      | Found a burning altar of Makhleb.
  1316 | D:3      | Noticed a blizzard demon
  1316 | D:3      | Noticed an angel
  1598 | D:3      | Learned a level 3 spell: Teleport Other
  1742 | D:3      | Found a blossoming altar of Fedhas.
  1801 | D:3      | Noticed Sigmund
  2007 | D:3      | Reached skill level 3 in Stealth
  2085 | D:3      | Killed Sigmund
  2086 | D:3      | Reached skill level 4 in Stealth
  2086 | D:3      | Reached XP level 5. HP: 23/36 MP: 7/9
  2086 | D:3      | Reached XP level 6. HP: 26/41 MP: 7/10
  2502 | D:3      | Slain by a gnoll

Illustrated notes

Levels and vault maps discovered:
D:1:      dpeg_arrival_more_subterranean_lakeside_camping, layout_basic,
          serial_shops, nicolae_square_shop
D:2:      layout_rooms, shapermc_ecumenical_altar_acropolis
D:3:      minmay_thinvault, layout_loops_ring,
          grunt_temple_overflow_order_and_chaos_2, fedhas_altar_3,
          grunt_ministairs_7, minmay_splitting_lines, uniq_sigmund

Skill      XL: |  1  2  3  4 |
---------------+-------------+-----
Stealth        | 1 2 4 |  4.2
Throwing       | 2 |  2.2
Dodging        | 3 |  3.1
Fighting       | |  2.8
Maces & Flails | |  0.1
Unarmed Combat | |  2.7
Spellcasting   | |  2.6
Translocations | |  3.6

Action                     |  1- 3 |  4- 6 || total
---------------------------+-------+-------++-------
  Melee: Unarmed           |    85 |    90 ||   175
         Constrict         |    27 |    22 ||    49
         Tentacles         |    14 |    22 ||    36
         Club              |     2 |       ||     2
         Punch             |       |     1 ||     1
   Cast: Blink             |       |     1 ||     1
    Use: Scroll            |       |     1 ||     1
   Stab: Sleeping          |     9 |    14 ||    23
 Armour: Skin              |     8 |     2 ||    10
  Dodge: Dodged            |    54 |    46 ||   100

Table legend: (Time is in decaauts)
 A = Elapsed time spent in this place.
 B = Non-inter-level travel time spent in this place.
 C = Inter-level travel time spent in this place.
 D = Time resting spent in this place.
 E = Time spent auto-exploring this place.
 F = Levels seen in this place.
 G = Mean time per level.
                   A        B        C        D        E       F      G
               +--------+--------+--------+--------+--------+-----+--------+
         Total |   2494 |   2430 |     64 |      0 |   1713 |   3 |  831.3 |
       Dungeon |   2494 |   2430 |     64 |      0 |   1713 |   3 |  831.3 |
               +--------+--------+--------+--------+--------+-----+--------+

Top non-repeatable levels by time:
     D:3: 1213 daAuts
     D:1: 796 daAuts
     D:2: 485 daAuts
